 Dungeon Crawl Stone Soup version 0.24-a0-539-g6aae15eeb0 (webtiles) character file.

Game seed: 14947251340443511439

22 Amnesiac the Vexing (level 2, 0/15 HPs)
             Began as a Deep Elf Enchanter on Aug 17, 2019.
             Slain by an adder zombie (2 damage)
             ... on level 3 of the Dungeon.
             The game lasted 00:01:24 (200 turns).

Amnesiac the Vexing (Deep Elf Enchanter)             Turns: 200, Time: 00:01:24

Health: 0/15       AC:  2    Str:  5    XL:     2   Next: 68%
Magic:  6/8        EV: 13    Int: 19    God:
Gold:   27         SH:  0    Dex: 15    Spells: 5/8 levels left

rFire    . . .     SeeInvis .   a - +1 dagger
rCold    . . .     Gourm    .   (no shield)
rNeg     . . .     Faith    .   b - +0 robe
rPois    .         Spirit   .   (no helmet)
rElec    .         Reflect  .   (no cloak)
rCorr    .         Harm     .   (no gloves)
MR       .....                  (no boots)
Stlth    +++.......             (no amulet)
HPRegen  0.05/turn              (no ring)
MPRegen  0.11/turn              (no ring)

@: very slightly contaminated
A: no striking features
a: no special abilities


You were on level 3 of the Dungeon.
You were not hungry.

You visited 1 branch of the dungeon, and saw 3 of its levels.

You collected 27 gold pieces.

Inventory:

Hand Weapons
 a - a +1 dagger (weapon)
Armour
 b - a +0 robe (worn)
Potions
 c - a potion of degeneration {unknown}
 e - 2 potions of resistance {unknown}
 g - a potion of berserk rage {unknown}
Comestibles
 d - a ration
 f - 4 chunks of flesh


   Skills:
 + Level 1.5 Short Blades
 - Level 2.4 Dodging
 - Level 4.0 Stealth
 * Level 3.9 Spellcasting
 - Level 4.0 Hexes


You had 5 spell levels left.
You knew the following spells:

 Your Spells              Type           Power        Failure   Level  Hunger
a - Ensorcelled Hibernat  Hex/Ice        ##....       10%         2    ##.....
b - Corona                Hex            ###....      2%          1    None

Your spell library contained the following spells:

 Spells                   Type           Power        Failure   Level  Hunger
 Confuse                  Hex            ###.....     8%          3    ###....
 Tukima's Dance           Hex            ###.....     8%          3    ###....
 Dazzling Spray           Conj/Hex       ##....       19%         3    ###....


Dungeon Overview and Level Annotations

Branches:
Dungeon (3/15)

Altars:
Makhleb


Message History

The adder zombie is outlined in light.
The adder zombie bites you.
You hit the adder zombie.
The adder zombie is lightly damaged.
The adder zombie closely misses you. The adder zombie bites you.
You hit the adder zombie.
The adder zombie is lightly damaged.
The adder zombie bites you.
You closely miss the adder zombie.
The adder zombie is lightly damaged.
The adder zombie bites you.
* * * LOW HITPOINT WARNING * * *
You hit the adder zombie.
The adder zombie is moderately damaged.
The adder zombie bites you.
* * * LOW HITPOINT WARNING * * *
You barely miss the adder zombie.
The adder zombie is moderately damaged.
The adder zombie barely misses you. The adder zombie bites you.
You die...

####### ###..รท..#
#....##.#######
#.#..#....._..#
#.###########.#
.............>#####.#
%######.#Z#.#!#@Z...#
#.#... ####### #g#
#.# #S# .# ..# # ...


You could see an adder zombie.

Vanquished Creatures
  2 adders
  A goblin (D:1)
  A hobgoblin (D:1)
  A bat (D:1)
  A rat (D:1)
6 creatures vanquished.

Notes
Turn   | Place    | Note
-------+----------+-------------------------------------------
     0 | D:1      | Amnesiac the Deep Elf Enchanter began the quest for the
                  | Orb.
     0 | D:1      | Reached XP level 1. HP: 10/10 MP: 6/6
   133 | D:2      | Reached XP level 2. HP: 15/15 MP: 6/8
   137 | D:2      | Learned a level 2 spell: Ensorcelled Hibernation
   155 | D:3      | Found a burning altar of Makhleb.
   200 | D:3      | Slain by an adder zombie

Levels and vault maps discovered:
D:1:      dpeg_arrival_ratfight, layout_basic
D:2:      layout_basic, ashenzari_conservatory_becter, uniq_robin, uniq_jessica
D:3:      minmay_chambers_of_twos, layout_basic, led_sif_book,
          overflow_temple_1_default, tso_oasis_becter,
          overflow_temple_1_default, minmay_shallow_snake_nest

Skill      XL: |  1  2 |
---------------+-------+-----
Stealth        | 4 |  4.0
Short Blades   | |  1.5
Dodging        | |  2.4
Spellcasting   | |  3.9
Hexes          | |  4.0

Action                   || total
-------------------------++-------
Melee: Dagger            ||    18
 Cast: Corona            ||     3
 Stab: Sleeping          ||     4
Armor: Robe              ||     1
Dodge: Dodged            ||     9

Table legend:
 A = Non-vault XP
 B = Vault XP
 C = Vault XP percentage of total XP
 D = Non-vault monster count
 E = Vault monster count
 F = Vault count percentage of total count
                 A         B        C        D         E       F
            +---------+---------+-------+---------+---------+-------
      Total |      32 |       0 |   0.0 |       6 |       0 |   0.0
            +---------+---------+-------+---------+---------+-------
        D:1 |       6 |       0 |   0.0 |       4 |       0 |   0.0
        D:2 |      13 |       0 |   0.0 |       1 |       0 |   0.0
        D:3 |      13 |       0 |   0.0 |       1 |       0 |   0.0
            +---------+---------+-------+---------+---------+-------
